Description

WCS Montreal 2018 Day 3: uThermal (T) vs Reynor (Z)

Replay - Reynor-Uthermal WCS Montreal 2018 - Fracture

Build Order

Get SALT Encoding   

  12  0:01  SCV  
  13  0:13  SCV  
  14  0:17  Supply Depot  
  14  0:25  SCV  
  14  0:27  Refinery  
  15  0:38  SCV  
  16  0:43  Barracks  
  16  0:50  SCV  
  17  1:02  SCV  
  18  1:14  SCV  
  19  1:30  Orbital Command, Reaper  
  20  1:43  Command Center  
  20  1:52  Factory  
  20  1:56  SCV  
  21  2:05  Barracks Reactor  
  21  2:08  SCV  
  22  2:15  Supply Depot  
  21  2:18  Refinery  
  21  2:20  SCV  
  22  2:38  Hellion  
  22  2:43  Starport, Marine x2  
  28  3:03  Cyclone  
  31  3:17  Marine x2  
  31  3:18  Orbital Command  
  34  3:21  Medivac  
  36  3:42  Barracks Tech Lab  
  36  3:43  Hellion x2  
  42  3:49  Supply Depot  
  44  3:55  Liberator  
  46  4:06  Supply Depot  
  46  4:11  Hellion x2  
  52  4:17  Stimpack  
  54  4:31  Marine  
  55  4:41  Command Center  
  55  4:42  Starport Reactor  
  57  4:53  Factory Tech Lab  
  57  5:11  Marine  
  52  5:16  Barracks x2  
  46  5:21  Siege Tank  
  46  5:22  Engineering Bay x2  
  44  5:30  Marine  
  44  5:32  Starport Reactor  
  45  5:37  Refinery x2  
  47  5:48  Marine  
  47  5:50  Terran Infantry Weapons Level 1  
  47  5:52  Terran Infantry Armor Level 1  
  47  5:56  Orbital Command  
  49  6:08  Marine x2  
  49  6:10  Siege Tank  
  59  6:19  Medivac  
  59  6:21  Combat Shield  
  63  6:32  Barracks x3  
  65  6:36  Orbital Command  
  71  6:47  Siege Tank  
  71  6:48  Supply Depot  
  77  7:09  Medivac  
  87  7:17  Medivac  
  87  7:19  Siege Tank  
  87  7:21  Barracks Reactor x3  
  93  7:27  Armory  
  106  7:51  Siege Tank  
  116  8:07  Medivac x2  
  124  8:28  Terran Infantry Armor Level 2, Terran Infantry Weapons Level 2  
  124  8:30  Refinery x2  
  131  8:40  Siege Tank  
  140  9:04  Terran Vehicle Weapons Level 1  
  144  9:12  Siege Tank  
  149  9:21  Medivac x2  
  156  9:44  Siege Tank  
  152  9:51  Medivac x2  
Spawning Tool Build Advisor. Get it on Overwolf

Go to:

Details

  • Created by: IMP
  • Published on: Oct 14, 2018
  • Modified on: Oct 29, 2018
  • Patch: 4.0.0
Show
View Real Time Build Order
Export as new Build Order

Comments (0)

There are no comments. Be the first!

Create an account to comment!